 Dungeon Crawl Stone Soup version 0.22-a0-305-gd21a89c (webtiles) character file.

191 mhoghedin the Grave Robber (level 5, -4/46 HPs)
             Began as a Ghoul Necromancer on Mar 29, 2018.
             Killed from afar by an orc wizard (7 damage)
             ... with a magic dart
             ... on level 3 of the Dungeon.
             The game lasted 00:08:11 (3363 turns).

mhoghedin the Grave Robber (Ghoul Necromancer)      Turns: 3363, Time: 00:08:11

Health: -4/46      AC:  5    Str: 12    XL:     5   Next: 70%
Magic:  6/6        EV: 12    Int: 11    God:
Gold:   56         SH:  0    Dex:  9    Spells: 2/7 levels left

rFire    . . .     SeeInvis .   a - +1 dagger (venom)
rCold    + . .     Gourm    .   (no shield)
rNeg     + + +     Faith    .   o - +2 animal skin
rPois    ∞         Spirit   .   i - +0 helmet
rElec    .         Reflect  .   (no cloak)
rCorr    .         Harm     .   (no gloves)
MR       .....                  (no boots)
Stlth    ++........             h - amulet of the acrobat
HPRegen  0.00/turn              (no ring)
MPRegen  0.10/turn              (no ring)

@: rotting
A: rotting body, claws 1, carnivore, cold resistance 1, negative energy
resistance 3, inhibited regeneration, torment resistance, unbreathing
a: no special abilities


You were on level 3 of the Dungeon.
You were not hungry.

You visited 1 branch of the dungeon, and saw 3 of its levels.

You collected 56 gold pieces.

Inventory:

Hand Weapons
 a - a +1 dagger of venom (weapon)
   (You took it off a goblin on level 1 of the Dungeon)
 b - a +0 hunting sling
   (You found it on level 1 of the Dungeon)
 e - a +0 short sword
   (You took it off a goblin on level 2 of the Dungeon)
Missiles
 d - 42 stones (quivered)
Armour
 i - a +0 helmet (worn)
   (You took it off Robin on level 2 of the Dungeon)
 o - a +2 animal skin (worn)
   (You took it off Robin on level 2 of the Dungeon)
Jewellery
 g - an uncursed amulet of magic regeneration {unknown}
   (You took it off a goblin on level 2 of the Dungeon)
 h - an amulet of the acrobat (around neck)
   (You took it off a gnoll on level 1 of the Dungeon)
Scrolls
 f - a scroll of fog
Comestibles
 c - 7 rations
 k - a chunk of flesh {@w0}


   Skills:
 + Level 3.8 Fighting
 - Level 2.8 Slings
 - Level 1.7 Dodging
 - Level 2.1 Stealth
 - Level 1.7 Spellcasting
 - Level 4.4 Necromancy


You had 2 spell levels left.
You knew the following spells:

 Your Spells              Type           Power        Failure   Level  Hunger
a - Pain                  Necr           ##..         4%          1    ##.....
x - Vampiric Draining     Necr           ##........   14%         3    ####...
A - Animate Skeleton      Necr           N/A          4%          1    ##.....


Dungeon Overview and Level Annotations

Branches:
Dungeon (3/15)

Altars:
Yredelemnul


Innate Abilities, Weirdness & Mutations

Your body is rotting away.
You thrive on raw meat.
You are immune to poison.
You have sharp fingernails.
You are carnivorous and can eat meat at any time.
Your flesh is cold resistant. (rC+)
You are immune to negative energy. (rN+++)
You do not regenerate when monsters are visible.
You are immune to unholy pain and torment.
You can survive without breathing.


Message History

You kill the bat!
No target in view!
No target in view!
You hear the slow rusting of a very distant drain.
A rat comes into view.
You hit the rat but do no damage. The rat closely misses you.
You hit the rat.
The rat is poisoned.
You kill the rat!
No target in view!
No target in view!
No target in view!
No target in view!
No target in view!
No target in view!
No target in view!
Found a stone staircase leading down.
c - 7 rations (gained 1)
d - 42 stones (gained 12)
There is a stone staircase leading down here.
You feel your flesh rotting away.
Eating one of 2 chunks of flesh {@w0}.
You eat one of the 2 chunks of flesh {@w0}.
You feel more resilient.
This raw flesh tastes great!
You hear the slow rusting of a distant drain.
A leopard gecko and a hobgoblin come into view.
The hobgoblin shouts!
You hear a shout!
There are monsters nearby!
An orc comes into view. It is wielding a mace of protection.
The hobgoblin misses you.
The leopard gecko hisses angrily.
You hit the hobgoblin.
The hobgoblin is poisoned.
The hobgoblin misses you. 2 orcs and an orc wizard come into view.
You barely miss the hobgoblin.
You kill the hobgoblin!
The leopard gecko hisses menacingly.
An orc comes into view.
A goblin and an orc come into view.
The goblin moves out of view.
The orc shouts! x2; The orc wizard shouts!
You hit the leopard gecko.
The leopard gecko is poisoned.
You kill the leopard gecko!
The orc throws a tomahawk.
The tomahawk closely misses you. The orc misses you.
The orc wizard gestures at you while chanting.
The puff of flame misses you.
The orc throws a tomahawk.
The tomahawk closely misses you.
You barely miss the orc.
The orc hits you with a mace of protection.
The orc wizard mumbles some strange words.
The orc wizard seems to speed up.
The goblin shouts!
You hit the orc.
The orc is poisoned.
You hear a shout!
The orc hits you with a mace of protection!
The orc barely misses you.
You hit the orc.
The orc looks as sick as possible!
You kill the orc!
The orc hits you but does no damage. x2
You barely miss the orc wizard. The orc closely misses you. x2
The orc wizard hits you with a dagger. The orc barely misses you.
You take 16 damage, and have 30/46 hp.
MASSIVE DAMAGE!!
The orc closely misses you.
You see here a hobgoblin corpse.
The orc wizard misses you.
The orc wizard points at you and mumbles some strange words.
The magic dart hits you!
You take 1 damage, and have 29/46 hp.
You hit the orc wizard.
The orc wizard is poisoned.
The orc wizard hits you with a dagger.
You take 2 damage, and have 27/46 hp.
You barely miss the orc wizard. The orc wizard misses you.
The orc wizard looks satisfied for a moment.
You closely miss the orc wizard. The orc wizard hits you with a dagger.
You take 2 damage, and have 25/46 hp.
You hit the orc wizard but do no damage.
The orc wizard looks even sicker.
The orc wizard points at you and mumbles some strange words.
The puff of flame hits you!
The orc wizard hits you but does no damage.
You take 11 damage, and have 14/46 hp.
MASSIVE DAMAGE!!
You closely miss the orc wizard.
The orc wizard hits you but does no damage.
You hit the orc wizard. The orc wizard hits you with a dagger.
* * * LOW HITPOINT WARNING * * *
The orc wizard hits you with a dagger.
* * * LOW HITPOINT WARNING * * *
You take 5 damage, and have 9/46 hp.
It was a potion of curing.
You feel better.
The orc wizard points at you and mumbles some strange words.
The puff of flame hits you!
* * * LOW HITPOINT WARNING * * *
You take 6 damage, and have 3/46 hp.
You hit the orc wizard but do no damage.
The orc wizard looks as sick as possible!
The orc wizard hits you but does no damage.
The orc wizard gestures at you while chanting.
The magic dart hits you!
You die...

#........# #........
#.#........# #.......#
#......†...# #.#.#.#.#
###........########†#.#...#
#...................#....
#........#######...†.....
..........................
####.......................
#.#####@####.....>......
#.# #o####...........#
....###og..............#
......oo......#.........
...........(#.........#.
........†.####...##.....
)...##.[.(# #.<..####...
..............##.# ## .
.............).....


You could see an orc wizard, 3 orcs and a goblin.

Vanquished Creatures
  Natasha (twice) (D:2)
  Robin (D:2)
  3 adders (D:2)
  A gnoll (D:1)
  An ooze (D:2)
  2 worms (D:2)
  3 dart slugs
  3 leopard geckos
  An orc (D:3)
  5 giant cockroaches
  17 goblins
  6 hobgoblins
  2 jackals (D:1)
  A quokka (D:3)
  8 bats
  A frilled lizard (D:1)
  6 kobolds
  4 rats
67 creatures vanquished.

Vanquished Creatures (collateral kills)
  A hobgoblin (D:1)
1 creature vanquished.

Grand Total: 68 creatures vanquished

Notes
Turn   | Place    | Note
-------+----------+-------------------------------------------
     0 | D:1      | mhoghedin the Ghoul Necromancer began the quest for the Orb.
     0 | D:1      | Reached XP level 1. HP: 14/14 MP: 2/2
    23 | D:1      | HP: 1/14 [dart slug/slug dart (4)]
   556 | D:1      | Reached XP level 2. HP: 19/19 MP: 3/3
   694 | D:1      | Reached skill level 1 in Slings
   834 | D:1      | Reached XP level 3. HP: 21/25 MP: 2/4
   940 | D:1      | Reached skill level 2 in Slings
   949 | D:1      | Learned a level 1 spell: Animate Skeleton
   953 | D:1      | Learned a level 3 spell: Vampiric Draining
  1144 | D:2      | Noticed Natasha
  1486 | D:1      | HP: 6/26 [goblin/dagger[Robin] (3)]
  1719 | D:2      | Noticed Robin
  1793 | D:2      | HP: 1/26 [Robin/spear (7)]
  2057 | D:2      | Killed Robin
  2057 | D:2      | Reached XP level 4. HP: 22/33 MP: 0/5
  2215 | D:2      | HP: 6/34 [Natasha/magic dart (4)]
  2219 | D:2      | Killed Natasha
  2219 | D:2      | Reached skill level 2 in Fighting
  2233 | D:2      | HP: 4/36 [giant cockroach (2)]
  2271 | D:2      | HP: 8/36 [adder (2)]
  2276 | D:2      | HP: 5/36 [adder (1)]
  2278 | D:2      | Reached XP level 5. HP: 6/42 MP: 3/6
  2294 | D:2      | HP: 7/42 [kobold/stone (2)]
  2632 | D:2      | Noticed Natasha
  2860 | D:2      | Killed Natasha
  2860 | D:2      | Reached skill level 3 in Fighting
  2914 | D:2      | Found a basalt altar of Yredelemnul.
  3361 | D:3      | HP: 11/46 [orc wizard/dagger (3)]
  3362 | D:3      | HP: 3/46 [orc wizard/puff of flame (13)]
  3363 | D:3      | Killed from afar by an orc wizard

Vault maps used:
D:1:      dpeg_arrival_boxorama, minmay_tromino_mix6
D:2:      yredelemnul_altar_generic, uniq_robin, uniq_natasha
D:3:      first_ration, gup_sewer_entry_spiral, trog_wizard

Skill      XL: |  1  2  3  4  5 |
---------------+----------------+-----
Slings         | 1 2 |  2.8
Fighting       | 2 3 |  3.8
Dodging        | |  1.7
Stealth        | |  2.1
Spellcasting   | |  1.7
Necromancy     | |  4.4

Action                   |  1- 3 |  4- 6 || total
-------------------------+-------+-------++-------
Melee: Unarmed           |     6 |       ||     6
       Hunting sling     |     7 |       ||     7
       Short sword       |    30 |     5 ||    35
       Dagger            |    20 |   104 ||   124
 Fire: Hunting sling     |    70 |    22 ||    92
 Cast: Pain              |    26 |       ||    26
       Animate Skeleton  |     3 |       ||     3
       Vampiric Draining |       |     3 ||     3
  Use: Scroll            |       |     5 ||     5
       Potion            |       |     3 ||     3
 Stab: Sleeping          |       |     1 ||     1
  Eat: Chunk             |     8 |     4 ||    12
Armor: Robe              |    22 |       ||    22
       Animal skin       |       |    28 ||    28
Dodge: Dodged            |    74 |    83 ||   157

Table legend:
 A = Spawn XP
 B = Non-spawn XP
 C = Spawn XP percentage of total XP
 D = Spawn monster count
 E = Non-spawn monster count
 F = Spawn count percentage of total count
 G = Total turns spent on level
                    A         B        C        D         E        F      G
               +---------+---------+-------+---------+---------+-------+---------
         Total |       0 |     274 |   0.0 |       0 |      68 |   0.0 |  3363
               +---------+---------+-------+---------+---------+-------+---------
           D:1 |       0 |      74 |   0.0 |       0 |      33 |   0.0 |  2191
           D:2 |       0 |     176 |   0.0 |       0 |      24 |   0.0 |   991
           D:3 |       0 |      24 |   0.0 |       0 |      11 |   0.0 |   181
               +---------+---------+-------+---------+---------+-------+---------

Vault maps used:
D:1:      dpeg_arrival_boxorama, minmay_tromino_mix6
D:2:      yredelemnul_altar_generic, uniq_robin, uniq_natasha
D:3:      first_ration, gup_sewer_entry_spiral, trog_wizard

Table legend:
 A = Turns spent in this place as a percentage of turns spent in the entire game.
 B = Non-inter-level travel turns spent in this place as a percentage of non-inter-level travel turns spent in the entire game.
 C = Inter-level travel turns spent in this place as a percentage of turns spent in this place.
 D = Turns resting spent in this place as a percentage of non-inter-level travel turns spent in this place.
 E = Turns spent auto-exploring this place as a percentage of non-inter-level travel turns spent in this place.
 F = Non-inter-level travel turns spent in this place divided by the number of levels of this place that you've seen.
                   A       B       C       D       E      F
               +-------+-------+-------+-------+-------+----------------------
         Total | 100.0 | 100.0 |   2.7 |  46.2 |  30.2 | 1090.7
       Dungeon | 100.0 | 100.0 |   2.7 |  46.2 |  30.2 | 1090.7
               +-------+-------+-------+-------+-------+----------------------

Table legend:
 A = Kills in this place as a percentage of kills in entire the game.
 B = Kills by you in this place as a percentage of kills by you in the entire game.
 C = Kills by friends in this place as a percentage of kills by friends in the entire game.
 D = Other kills in this place as a percentage of other kills in the entire game.
 E = Experience gained in this place as a percentage of experience gained in the entire game.
 F = Experience gained in this place divided by the number of levels of this place that you have seen.
                   A       B       C       D       E      F
               +-------+-------+-------+-------+-------+----------------------
         Total | 100.0 | 100.0 | 100.0 |   N/A | 100.0 |  91.3
       Dungeon | 100.0 | 100.0 | 100.0 |   N/A | 100.0 |  91.3
               +-------+-------+-------+-------+-------+----------------------
